 Dungeon Crawl Stone Soup version 0.22-a0-455-ga0624bf62c (webtiles) character file.

216 Kriby the Poker (level 5, -3/41 HPs)
             Began as a Merfolk Skald on June 5, 2018.
             Killed from afar by Natasha (8 damage)
             ... with a magic dart
             ... on level 2 of the Dungeon.
             The game lasted 00:02:12 (2152 turns).

Kriby the Poker (Merfolk Skald)                     Turns: 2152, Time: 00:02:12

Health: -3/41      AC:  3    Str: 13    XL:     5   Next: 93%
Magic:  8/8        EV: 13    Int: 12    God:
Gold:   73         SH:  0    Dex: 13    Spells: 7/8 levels left

rFire    . . .     SeeInvis .   c - +0 scythe
rCold    . . .     Gourm    .   (shield currently unavailable)
rNeg     . . .     Faith    .   b - +0 leather armour
rPois    .         Spirit   .   (no helmet)
rElec    .         Reflect  .   (no cloak)
rCorr    .         Harm     .   (no gloves)
MR       .....                  (no boots)
Stlth    ++........             (no amulet)
HPRegen  0.13/turn              (no ring)
MPRegen  0.11/turn              p - ring of stealth

@: slowed, very slow
A: change form in water, swift swim, stealthy swim
a: no special abilities


You were on level 2 of the Dungeon.
You were not hungry.

You visited 1 branch of the dungeon, and saw 2 of its levels.

You collected 73 gold pieces.

Inventory:

Hand Weapons
 a - a +0 spear
 c - a +0 scythe (weapon)
Armour
 b - a +0 leather armour (worn)
Jewellery
 p - a ring of stealth (right hand)
Scrolls
 f - 2 scrolls of remove curse {unknown}
 g - a scroll of identify {unknown}
 i - a scroll of enchant armour {unknown}
 k - 3 scrolls of blinking {unknown}
 l - a scroll of immolation {unknown}
 o - a scroll of enchant weapon {unknown}
Comestibles
 d - 2 rations {@e1}


   Skills:
 + Level 3.5 Fighting
 * Level 6.6 Polearms
 - Level 0.6 Armour
 + Level 4.5 Dodging
 - Level 2.0 Spellcasting
 - Level 3.2 Charms


You had 7 spell levels left.
You knew the following spells:

 Your Spells              Type           Power        Failure   Level  Hunger
a - Infusion              Chrm           #...         9%          1    ##.....

Your spell library contained the following spells:

 Spells                   Type           Power        Failure   Level  Hunger
 Confuse                  Hex            #.......     71%         3    ####...
 Regeneration             Chrm/Necr      #.........   47%         3    ####...
 Confusing Touch          Hex            #.....       34%         1    ##.....
 Metabolic Englaciation   Hex/Ice        #.........   100%        5    ######.
 Petrify                  Tmut/Erth      #.......     98%         4    #####..
 Shroud of Golubria       Chrm/Tloc      #.........   26%         2    ###....
 Song of Slaying          Chrm           #.......     14%         2    ###....
 Spectral Weapon          Hex/Chrm       #.......     47%         3    ####...
 Gell's Gravitas          Tloc           #.........   71%         3    ####...
 Yara's Violent Unravell  Hex/Tmut       #.........   100%        5    ######.


Dungeon Overview and Level Annotations

Branches:
Dungeon (2/15)

Altars:
Dithmenos
Zin

Annotations:
D:2 Natasha


Message History

Natasha is moderately wounded.
Natasha casts a spell at you. The magic dart hits you!
Natasha casts a spell at you. The magic dart hits you!
* * * LOW HITPOINT WARNING * * *
Natasha claws you.
* * * LOW HITPOINT WARNING * * *
You barely miss Natasha.
Natasha is moderately wounded.
Natasha wildly gestures.
Natasha glows brightly for a moment.
Natasha barely misses you. Natasha closely misses you.
You hit Natasha.
Natasha is heavily wounded.
Natasha claws you.
* * * LOW HITPOINT WARNING * * *
Natasha casts a spell at you. The magic dart hits you!
You die...

.... ... ####### (..
#.....# # ....
#.....######.##### #.
#.......@h5......## #.
#......###.#####.....###.
######.###.# #.....
#...#.## #####. ###....##
##.. #.##..# #... #.###.#
#.## ..# #>## ##.# #.##
#.=#######..#


You could see an iron imp and Natasha.

Vanquished Creatures
  Sigmund (D:2)
  Robin (D:2)
  A dart slug (D:1)
  2 leopard geckos (D:1)
  A giant cockroach (D:1)
  9 goblins
  8 hobgoblins
  4 jackals
  2 kobolds (D:1)
  2 bats
  6 rats
37 creatures vanquished.

Notes
Turn   | Place    | Note
-------+----------+-------------------------------------------
     0 | D:1      | Kriby the Merfolk Skald began the quest for the Orb.
     0 | D:1      | Reached XP level 1. HP: 16/16 MP: 3/3
    48 | D:1      | Reached XP level 2. HP: 22/22 MP: 5/5
   171 | D:1      | Reached skill level 4 in Polearms
   998 | D:1      | Reached XP level 3. HP: 26/28 MP: 6/6
  1079 | D:2      | Found a glowing silver altar of Zin.
  1215 | D:2      | Found a shadowy altar of Dithmenos.
  1235 | D:2      | Noticed Sigmund
  1267 | D:2      | Killed Sigmund
  1267 | D:2      | Reached skill level 6 in Polearms
  1267 | D:2      | Reached XP level 4. HP: 18/35 MP: 7/7
  1267 | D:2      | Reached XP level 5. HP: 21/41 MP: 8/8
  1517 | D:2      | Noticed Robin
  1851 | D:2      | Killed Robin
  2139 | D:2      | Noticed Natasha
  2152 | D:2      | Killed from afar by Natasha

Vault maps used:
D:1:      nagdon_arrival_zigzag_paths
D:2:      lemuel_doored_altar, old_standard_altar, uniq_robin, uniq_sigmund,
          uniq_natasha

Skill      XL: |  1  2  3 |
---------------+----------+-----
Dodging        | 3 4 |  4.5
Polearms       | 4 6 |  6.6
Fighting       | 3 |  3.5
Armour         | |  0.6
Spellcasting   | |  2.0
Charms         | |  3.2

Action                   |  1- 3 |  4- 6 || total
-------------------------+-------+-------++-------
Melee: Spear             |   111 |       ||   111
       Scythe            |       |    60 ||    60
  Use: Potion            |     5 |     3 ||     8
 Stab: Sleeping          |     1 |     1 ||     2
  Eat: Chunk             |     1 |     3 ||     4
Armor: Leather armour    |    14 |    12 ||    26
       Skin              |     4 |    22 ||    26
Dodge: Dodged            |    45 |    64 ||   109

Table legend:
 A = Spawn XP
 B = Non-spawn XP
 C = Spawn XP percentage of total XP
 D = Spawn monster count
 E = Non-spawn monster count
 F = Spawn count percentage of total count
 G = Total turns spent on level
                    A         B        C        D         E        F      G
               +---------+---------+-------+---------+---------+-------+---------
         Total |       0 |     309 |   0.0 |       0 |      37 |   0.0 |  2152
               +---------+---------+-------+---------+---------+-------+---------
           D:1 |       0 |      36 |   0.0 |       0 |      20 |   0.0 |  1345
           D:2 |       0 |     273 |   0.0 |       0 |      17 |   0.0 |   807
               +---------+---------+-------+---------+---------+-------+---------
